 Dungeon Crawl Stone Soup version 0.14-a0-2340-g8df0fbc (webtiles) character file.

160 M4edhros the Vandal (level 5, -8/33 HPs)
             Began as an Octopode Hunter on Jan 30, 2014.
             Killed from afar by an orc wizard (9 damage)
             ... with a magic dart
             ... on Level 4 of the Dungeon.
             The game lasted 00:03:33 (1371 turns).

M4edhros the Vandal (Octopode Hunter)               Turns: 1371, Time: 00:03:34

HP  -8/33        AC  1     Str 16      XL: 5   Next: 33%
MP   0/5         EV 12     Int 14      God:
Gold 9           SH  0     Dex 13      Spells:  0 memorised,  4 levels left

rFire  . . .     SeeInvis .     b - +1 sling
rCold  . . .     Clarity  .     (no shield)
rNeg   . . .     Conserve .     (helmet restricted)
rPois  .         rCorr    .     d - amulet of guardian spirit
rElec  .         rRot     .     (no ring)
SustAb . .       Spirit   +     (no ring)
rMut   .         Warding  .     (no ring)
Saprov . . .     Stasis   .     (no ring)
MR     .....                    (no ring)
                                (no ring)
                                (no ring)
                                (no ring)

@: mighty, very slightly contaminated, hasted, very quick, not resistant to
hostile enchantments, stealthy
A: almost no armour, amphibious, 8 rings, constrict 8, camouflage 1, gelatinous
body 1
a: no special abilities


You were on level 4 of the Dungeon.
You were very hungry.

You visited 1 branch of the dungeon, and saw 4 of its levels.

You collected 9 gold pieces.

Inventory:

Hand weapons
 a - a +0,+0 short sword
 b - a +1,+1 sling (weapon)
Missiles
 c - 22 sling bullets (quivered)
 g - 11 stones
 p - 5 curare-tipped needles
Comestibles
 f - 2 bread rations
 h - a meat ration
 q - a pear
Scrolls
 e - a scroll of enchant weapon II {unknown}
 j - 2 scrolls of blinking
 k - a scroll of teleportation {unknown}
 l - a scroll of curse jewellery {unknown}
 m - a scroll of curse armour {unknown}
Jewellery
 d - an amulet of guardian spirit (around mantle)
 i - an uncursed ring of flight {unknown}
 n - an uncursed ring of poison resistance {unknown}


   Skills:
 - Level 1.0 Fighting
 + Level 6.4 Slings
 - Level 2.0 Dodging
 - Level 1.3 Stealth


You had 4 spell levels left.
You didn't know any spells.

Dungeon Overview and Level Annotations

Branches:
Dungeon (4/16)
 Temple: D:4-7

Altars:


Innate Abilities, Weirdness & Mutations

You cannot wear most types of armour.
You are amphibious.
You can wear up to eight rings at the same time.
You can use your tentacles to constrict many enemies at once.
Your skin changes colour to match your surroundings (Stlth).
Your rubbery body absorbs attacks (AC +1).


Message History

The orc wizard casts a spell.
You feel troubled. The giant newt bites you.
* * * LOW HITPOINT WARNING * * *
You are very lightly contaminated with residual magic.
Firing (i - inventory. (,) - cycle):
c - 24 sling bullets (quivered)
Press: ? - help, Shift-Dir - straight line, f/p - orc priest
Aim: an orc priest, wielding an orcish flail and wearing an orcish chain mail (almost dead)
You shoot a sling bullet. The sling bullet hits the orc priest.
You kill the orc priest!
You hear the slow rusting of a drain, a long way away.
The orc wizard becomes somewhat translucent.
Firing (i - inventory. (,) - cycle):
c - 23 sling bullets (quivered)
Press: ? - help, Shift-Dir - straight line, f - giant newt
Aim: a giant newt You shoot a sling bullet.
The sling bullet misses the giant newt.
The giant newt bites you.
* * * LOW HITPOINT WARNING * * *
The orc wizard points at you and mumbles some strange words.
The magic dart hits you!
You die...

#..#.#....#
#..#....#[#
....#....#(#
#####.##.##.#(#
........##.#.#
..#.#####.#.#
#.#.......#.#
.#.#.##l#.#.#####.#
.(.(>(o)@.........#
(#..).#.###....##.#
### #. #.##.##.# #.
#.#.....# #.
..####### #. .###
#.#. #.# .


You could see an orc wizard and a giant newt.

Vanquished Creatures
  An orc priest (D:4)
  A scorpion (D:4)
  An ogre zombie (D:3)
  A hound skeleton (D:3)
  3 adders
  An adder zombie (D:3)
  An orc skeleton (D:3)
  4 orcs (D:4)
  2 bats (D:1)
  A giant cockroach (D:3)
  2 goblins
  4 hobgoblins (D:1)
  4 jackals
  A kobold (D:1)
  A quokka (D:2)
  A giant gecko (D:1)
  A giant newt (D:4)
  A giant newt skeleton (D:4)
  3 rats (D:1)
34 creatures vanquished.

Notes
Turn   | Place    | Note
--------------------------------------------------------------
     0 | D:1      | M4edhros, the Octopode Hunter, began the quest for the Orb.
     0 | D:1      | Reached XP level 1. HP: 13/13 MP: 1/1
    12 | D:1      | Noticed a giant goldfish
   240 | D:1      | Reached XP level 2. HP: 18/18 MP: 2/2
   617 | D:2      | Reached XP level 3. HP: 8/23 MP: 3/3
   950 | D:3      | Reached skill level 5 in Slings
  1065 | D:3      | Reached XP level 4. HP: 23/28 MP: 4/4
  1275 | D:4      | Reached skill level 6 in Slings
  1338 | D:4      | Reached XP level 5. HP: 31/33 MP: 5/5
  1371 | D:4      | HP: 1/33 [giant newt (2)]
  1371 | D:4      | Killed from afar by an orc wizard

Action                   |  1- 3 |  4- 6 || total
-------------------------+-------+-------++-------
Melee: Short sword       |    15 |       ||    15
 Fire: Sling             |    38 |    54 ||    92
  Use: Scroll            |     2 |       ||     2
       Potion            |     2 |     2 ||     4
 Stab: Sleeping          |     5 |       ||     5
